 Dungeon Crawl Stone Soup version 0.22.0-40-g68aacdc (webtiles) character file.

39 inc the Magician (level 3, 0/24 HPs)
             Began as a Mummy Fire Elementalist on Sept 1, 2018.
             Slain by a shadow imp (2 damage)
             ... summoned by Natasha
             ... on level 2 of the Dungeon.
             The game lasted 00:02:13 (1382 turns).

inc the Magician (Mummy Fire Elementalist)          Turns: 1382, Time: 00:02:14

Health: 0/24       AC:  4    Str: 11    XL:     3   Next: 28%
Magic:  0/7        EV: 12    Int: 15    God:
Gold:   92         SH:  0    Dex: 12    Spells: 3/7 levels left

rFire    x . .     SeeInvis .   g - +0 short sword
rCold    + . .     Gourm    .   (no shield)
rNeg     + + +     Faith    .   a - +0 robe
rPois    ∞         Spirit   .   (no helmet)
rElec    .         Reflect  .   e - +0 cloak
rCorr    .         Harm     .   (no gloves)
MR       .....                  c - +0 pair of boots (curse)
Stlth    ++........             (no amulet)
HPRegen  0.08/turn              (no ring)
MPRegen  0.10/turn              (no ring)

@: very slightly contaminated, slowed, very slow
A: no food or potions, fire vulnerability, cold resistance 1, negative energy
resistance 3, torment resistance, unbreathing
a: no special abilities


You were on level 2 of the Dungeon.
You were not hungry.

You visited 1 branch of the dungeon, and saw 2 of its levels.

You collected 92 gold pieces.

Inventory:

Hand Weapons
 d - a +0 whip
 g - a +0 short sword (weapon)
Armour
 a - a +0 robe (worn)
 c - a cursed +0 pair of boots (worn)
 e - a +0 cloak (worn)
Scrolls
 b - 5 scrolls of identify {unknown}
 f - a scroll of amnesia {unknown}
 h - a scroll of remove curse {unknown}
 i - 3 scrolls of fog {unknown}
 j - a scroll of random uselessness {unknown}
 k - a scroll of enchant weapon {unknown}


   Skills:
 - Level 1.5 Dodging
 - Level 1.5 Stealth
 - Level 2.6 Spellcasting
 + Level 2.6 Conjurations
 + Level 2.4 Fire Magic


You had 3 spell levels left.
You knew the following spells:

 Your Spells              Type           Power        Failure   Level  Hunger
a - Flame Tongue          Conj/Fire      #....        8%          1    N/A
b - Conjure Flame         Conj/Fire      #.......     22%         3    N/A

Your spell library contained the following spells:

 Spells                   Type           Power        Failure   Level  Hunger
 Throw Flame              Conj/Fire      #.....       11%         2    N/A
 Inner Flame              Hex/Fire       #.......     36%         3    N/A
 Sticky Flame             Conj/Fire      #.......     58%         4    N/A
 Fireball                 Conj/Fire      #.........   90%         5    N/A

Dungeon Overview and Level Annotations

Branches:
Dungeon (2/15)

Altars:
Fedhas

Annotations:
D:2 Natasha, Terence


Innate Abilities, Weirdness & Mutations

You do not eat or drink.
Your flesh is vulnerable to fire.
You are immune to poison.
Your flesh is cold resistant. (rC+)
You are immune to negative energy. (rN+++)
You are immune to unholy pain and torment.
You can survive without breathing.


Message History

Casting: Flame Tongue (safe; 8% risk of failure)
Confirm with . or Enter, or press ? or * to list all spells.
Aiming: Flame Tongue (safe; 8% risk of failure)
Press: ? - help, Shift-Dir - straight line, f/p - Natasha
Aim: Natasha (severely wounded)
The flame tongue hits Natasha.
Natasha is severely wounded.
Natasha stares at you and mumbles some strange words.
You feel yourself slow down. The worm bites you!
* * * LOW HITPOINT WARNING * * *
The shadow imp misses you.
Casting: Flame Tongue (safe; 8% risk of failure)
Confirm with . or Enter, or press ? or * to list all spells.
Aiming: Flame Tongue (safe; 8% risk of failure)
Press: ? - help, Shift-Dir - straight line, f/p - Natasha
Aim: Natasha (severely wounded)
The flame tongue hits Natasha.
Natasha appears unharmed.
Natasha is severely wounded.
Natasha barely misses you. The shadow imp hits you.
You die...

.... ##....!#.####..
###..#..#............
###....#..........%.
.............####...
##.....#..#.## ..
#≈..≈≈##.#..#
#.≈≈≈.##.##.##
#..≈_≈≈##.##..#####...
#..≈≈≈.##.....@h...#
#..≈.≈....###?5w......
#.......... #.........
#....... ....../...
..!........
.........$..
......####### #.
#.##.... #.


You could see a worm, Natasha and a shadow imp.

Vanquished Creatures
  A gnoll (D:1)
  A worm (D:2)
  2 dart slugs (D:1)
  A leopard gecko (D:1)
  A giant cockroach (D:1)
  2 goblins
  A hobgoblin (D:1)
  5 bats
  A frilled lizard (D:2)
  7 kobolds
  2 rats (D:2)
24 creatures vanquished.

Notes
Turn   | Place    | Note
-------+----------+-------------------------------------------
     0 | D:1      | inc the Mummy Fire Elementalist began the quest for the Orb.
     0 | D:1      | Reached XP level 1. HP: 13/13 MP: 4/4
    40 | D:1      | Reached skill level 1 in Conjurations
   185 | D:1      | Reached XP level 2. HP: 9/19 MP: 0/5
   906 | D:1      | Reached XP level 3. HP: 24/24 MP: 4/7
   996 | D:2      | Noticed Terence
  1097 | D:2      | Learned a level 3 spell: Conjure Flame
  1365 | D:2      | Found a blossoming altar of Fedhas.
  1373 | D:2      | Noticed Natasha
  1382 | D:2      | Slain by a shadow imp

Skill      XL: |  1  2 |
---------------+-------+-----
Conjurations   | 1 2 |  2.6
Dodging        | |  1.5
Stealth        | |  1.5
Spellcasting   | |  2.6
Fire Magic     | |  2.4

Action                   || total
-------------------------++-------
Melee: Unarmed           ||     2
 Cast: Flame Tongue      ||    55
       Conjure Flame     ||     1
Armor: Robe              ||     5
Dodge: Dodged            ||    23
